 Dungeon Sprint DCSS version 0.30-a0-12-gd8047c6341 (webtiles) character file.

Game seed: 869868234746992629

11894 mhtbhm the Ninja (level 11, -3/94 HPs)
             Began as a Spriggan Brigand on Aug 24, 2022.
             Was the Champion of Dithmenos.
             Slain by a death drake (7 damage)
             ... in the Dungeon (Sprint III: "The Ten Rune Challenge").
             The game lasted 00:08:34 (2609 turns).

mhtbhm the Ninja (Spriggan Brigand)                 Turns: 2609, Time: 00:08:34

Health: -3/94      AC:  5    Str: 11    XL:     11   Next: 55%
Magic:  21/21      EV: 25    Int:  9    God:    Dithmenos [******]
Gold:   156        SH:  0    Dex: 22    Spells: 10/10 levels left

rFire   + . .      SeeInvis +    a - +4 rapier "Elid" {elec, Str+4 Int-3 Stlth+}
rCold   + . .      Faith    .    (no shield)
rNeg    . . .      Spirit   .    b - +2 robe {rC+ rF+}
rPois   .          Reflect  .    (helmet restricted)
rElec   .          Harm     .    c - +0 cloak
rCorr   .          Rampage  .    (gloves unavailable)
Will    +....      NoTele   +    (boots unavailable)
Stlth   ..........               (no amulet)
HPRegen 0.25/turn                (no ring)
MPRegen 0.17/turn                (no ring)

@: berserking, lethally poisoned (-3 -> -86), slowed, wreathed by umbra,
studying Fighting, very quick
A: very small, no large weapons, unfitting armour, see invisible, speed 3,
hooves 1, camouflage 1
a: Renounce Religion, Shadow Step, Shadow Form


You were in the Dungeon.
You worshipped Dithmenos.
Dithmenos was exalted by your worship.
You visited 1 branch You collected 1465 gold pieces.
You spent 1309 gold pieces at shops.

Inventory:

Hand Weapons
 a - the +4 rapier "Elid" (weapon) {elec, Str+4 Int-3 Stlth+}
   (You acquired it in the Dungeon)

   It occasionally discharges a powerful burst of electricity upon striking a
   foe.
   Str:       It affects your strength (+4).
   Int:       It affects your intelligence (-3).
   Stlth:     It makes you more stealthy.
Missiles
 d - 5 poisoned darts (quivered)
 e - 8 curare-tipped darts
Armour
 b - a +2 robe of resistance (worn)
 c - a +0 cloak (worn)
Jewellery
 o - an amulet of the acrobat
Wands
 m - a wand of charming (5)
Scrolls
 k - 4 scrolls of blinking
 l - a scroll of butterflies
 n - 2 scrolls of immolation
 p - a scroll of poison
 q - a scroll of amnesia
Potions
 f - 2 potions of curing
 h - 2 potions of haste
 i - 2 potions of magic
 r - 2 potions of flight
Miscellaneous
 s - a phantom mirror


   Skills:
 + Level 9.7 Fighting
 + Level 12.1 Short Blades
 + Level 11.7 Throwing
 + Level 9.3 Dodging
 O Level 27 Stealth
 * Level 12.7 Invocations
 + Level 2.1 Evocations


You had 10 spell levels left.
You didn't know any spells.
Your spell library contained the following spells:

 Spells                   Type           Power      Damage    Failure   Level
 Apportation              Tloc           0%         N/A       38%         1
 Necrotise                Necr           0%         1d4       38%         1
 Summon Small Mammal      Summ           0%         N/A       38%         1


Dungeon Overview and Level Annotations

Branches:
Dungeon (1/1)

Altars:
Cheibriados
Dithmenos
Elyvilon
Fedhas
Gozag
Hepliaklqana
Kikubaaqudgha
Makhleb
Nemelex Xobeh
Okawaru
Qazlal
Ru
Sif Muna
Trog
Uskayaw
Vehumet
Wu Jian
Xom
Yredelemnul
Zin
The Shining One
Jiyva
Lugonu

Shops:
D **(!?:[(==?:


Innate Abilities, Weirdness & Mutations

You are very small and have problems with some larger weapons.
You are too small for most types of armour.
You have supernaturally acute eyesight. (SInv)
You cover ground extremely quickly. (Speed+++)
You have large cloven feet.
Your skin changes colour to match your surroundings (Stealth+).


Message History

The death drake is lightly wounded.
Your shadow hits the death drake but does no damage.
You are engulfed in dark miasma.
You are more poisoned.
You feel as though you will be slow longer.
You feel very sick.
The death drake bites you but does no damage.
You puncture the death drake! You kick the death drake!
The death drake is moderately wounded.
Your shadow hits the death drake but does no damage.
You are engulfed in dark miasma.
You are more poisoned.
You feel as though you will be slow longer.
You feel extremely sick. The death drake bites you.
You puncture the death drake!
The death drake is heavily wounded.
Your shadow barely misses the death drake.
You are engulfed in dark miasma.
You are more poisoned.
You feel as though you will be slow longer.
You emit a cloud of dark smoke.
You feel extremely sick.
You miss the death drake.
The death drake is heavily wounded.
You are engulfed in dark miasma.
You are more poisoned.
You feel as though you will be slow longer.
* * * LOW HITPOINT WARNING * * *
You emit a cloud of dark smoke.
You feel extremely sick.
The death drake bites you but does no damage.
You puncture the death drake! Your kick misses the death drake.
The death drake is severely wounded.
You are engulfed in dark miasma.
You are more poisoned.
* * * LOW HITPOINT WARNING * * *
x2 You feel extremely sick.
The death drake bites you!
You die...

♣♣♣♣♣♣#..♣♣ ♣♣♣##'###
###'♣♣♣♣♣♣♣♣♣♣♣♣♣♣♣
#...'.
♣♣♣♣.##..##~~~~~≈..#
#...#§
♣...##†##.#~~~~≈...#
#).)#.
♣♣.##†##†##'†~~≈≈####
#####.
♣..#.##...#~~..°☼○☼$
#)....
♣♣.##.##.)#§§.+####
#.)PPP
♣♣.##.#####§§.#
#..).P
♣†....##§k@§..#
#...).
########+######
#'#### #..... #.####
#.# #.# #.# #.# #.#
##


You could see a death drake.

Vanquished Creatures
  Frances (D)
  Donald (D)
  A hydra (D)
  Erolcha (D)
  Urug (D)
  An obsidian statue (D)
  A lindwurm (D)
  A deep elf pyromancer (D)
  An orc knight (D)
  4 crystal guardians (D)
  A cane toad (D)
  A rime drake (D)
  A komodo dragon (D)
  2 tyrant leeches (D)
  2 orc high priests (D)
  A shadow (D)
  5 redbacks (D)
  A spatial vortex (D)
  A swamp drake (D)
  2 orc warriors (D)
  5 two-headed ogres (D)
  A necrophage (D)
  A water elemental (D)
  An electric eel (D)
  3 wandering mushrooms (D)
  4 orc priests (D)
  A jelly (D)
  A wizard (D)
  A necromancer (D)
  2 orc wizards (D)
  3 humans (D)
  A kobold demonologist (D)
  A phantom (D)
  11 orcs (D)
  An endoplasm (D)
  3 rats (D)
70 creatures vanquished.

Vanquished Creatures (collateral kills)
  A hydra (D)
1 creature vanquished.

Vanquished Creatures (others)
  A cane toad (D)
  4 plants (D)
5 creatures vanquished.

Grand Total: 76 creatures vanquished

Notes
Turn   | Place    | Note
-------+----------+-------------------------------------------
     0 | D        | mhtbhm the Spriggan Brigand began the quest for the Orb.
     0 | D        | Reached XP level 1. HP: 10/10 MP: 2/2
     5 | D        | Reached skill level 6 in Stealth
    62 | D        | Reached skill level 8 in Stealth
    62 | D        | Reached XP level 2. HP: 9/15 MP: 3/3
   184 | D        | Reached skill level 9 in Stealth
   198 | D        | Gained mutation: Your body sometimes deteriorates upon
                  | taking damage. [potion of mutation]
   198 | D        | Gained mutation: Your mind is acute. (Int +4, Str/Dex -1)
                  | [potion of mutation]
   199 | D        | Lost mutation: Your body sometimes deteriorates upon taking
                  | damage. [potion of mutation]
   199 | D        | Lost mutation: Your mind is acute. (Int +4, Str/Dex -1)
                  | [potion of mutation]
   199 | D        | Gained mutation: Armour fits poorly on your strangely
                  | shaped body. [potion of mutation]
   199 | D        | Gained mutation: Your system is resistant to poisons.
                  | (rPois) [potion of mutation]
   199 | D        | Gained mutation: You are frail. (-10% HP) [potion of
                  | mutation]
   203 | D        | Lost mutation: Your system is resistant to poisons. (rPois)
                  | [potion of mutation]
   203 | D        | Lost mutation: Armour fits poorly on your strangely shaped
                  | body. [potion of mutation]
   203 | D        | Gained mutation: Your body sometimes deteriorates upon
                  | taking damage. [potion of mutation]
   203 | D        | Gained mutation: Armour fits poorly on your strangely
                  | shaped body. [potion of mutation]
   204 | D        | Lost mutation: You are frail. (-10% HP) [potion of
                  | mutation]
   204 | D        | Lost mutation: Armour fits poorly on your strangely shaped
                  | body. [potion of mutation]
   204 | D        | Lost mutation: Your body sometimes deteriorates upon taking
                  | damage. [potion of mutation]
   204 | D        | Gained mutation: You have large cloven feet. [potion of
                  | mutation]
   204 | D        | Gained mutation: Your skin changes colour to match your
                  | surroundings (Stealth+). [potion of mutation]
   222 | D        | Noticed a water elemental
   225 | D        | Killed a water elemental
   226 | D        | Reached skill level 11 in Stealth
   226 | D        | Reached XP level 3. HP: 17/19 MP: 4/4
   226 | D        | Reached XP level 4. HP: 21/23 MP: 5/5
   236 | D        | Found a shadowy altar of Dithmenos.
   236 | D        | Noticed a necrophage
   237 | D        | Found a basalt altar of Yredelemnul.
   237 | D        | Found a sacrificial altar of Ru.
   239 | D        | Reached skill level 12 in Stealth
   239 | D        | Killed a necrophage
   240 | D        | Reached skill level 13 in Stealth
   240 | D        | Reached XP level 5. HP: 26/28 MP: 6/6
   243 | D        | Became a worshipper of Dithmenos the Shadowed
   266 | D        | Found a glowing silver altar of Zin.
   267 | D        | Found a glowing golden altar of the Shining One.
   267 | D        | Found a white marble altar of Elyvilon.
   267 | D        | Noticed a deep elf pyromancer
   269 | D        | Killed a deep elf pyromancer
   270 | D        | Reached skill level 5 in Short Blades
   270 | D        | Reached skill level 5 in Throwing
   270 | D        | Reached skill level 18 in Stealth
   270 | D        | Reached XP level 6. HP: 33/33 MP: 6/10
   270 | D        | Reached XP level 7. HP: 37/37 MP: 6/11
   320 | D        | Found a radiant altar of Vehumet.
   321 | D        | Found a shimmering blue altar of Sif Muna.
   321 | D        | Found an ancient bone altar of Kikubaaqudgha.
   324 | D        | Reached * piety under Dithmenos
   341 | D        | Found a hide-covered altar of Uskayaw.
   341 | D        | Found an iron altar of Okawaru.
   342 | D        | Found a bloodstained altar of Trog.
   342 | D        | Found an ornate altar of the Wu Jian Council.
   342 | D        | Noticed a human
   342 | D        | Noticed a human
   376 | D        | Killed a human
   377 | D        | Reached skill level 19 in Stealth
   377 | D        | Reached skill level 5 in Invocations
   405 | D        | Killed a human
   514 | D        | Noticed a shadow
   516 | D        | Killed a shadow
   516 | D        | Reached ** piety under Dithmenos
   517 | D        | Reached XP level 8. HP: 42/42 MP: 13/13
   522 | D        | Reached skill level 20 in Stealth
   523 | D        | Found a blossoming altar of Fedhas.
   523 | D        | Found a stormy altar of Qazlal.
   523 | D        | Found a snail-covered altar of Cheibriados.
   523 | D        | Found a burning altar of Makhleb.
   523 | D        | Found a shimmering altar of Xom.
   524 | D        | Found a hazy altar of Hepliaklqana.
   524 | D        | Found an opulent altar of Gozag.
   524 | D        | Found a sparkling altar of Nemelex Xobeh.
   524 | D        | Found a corrupted altar of Lugonu.
   524 | D        | Found a viscous altar of Jiyva.
   549 | D        | Reached *** piety under Dithmenos
   553 | D        | Reached skill level 21 in Stealth
   561 | D        | Noticed a two-headed ogre
   564 | D        | Killed a two-headed ogre
   570 | D        | Noticed a two-headed ogre
   570 | D        | Noticed Erolcha
   572 | D        | Killed Erolcha
   573 | D        | Reached skill level 5 in Fighting
   573 | D        | Reached skill level 22 in Stealth
   573 | D        | Reached XP level 9. HP: 47/47 MP: 14/16
   606 | D        | Killed a two-headed ogre
   606 | D        | Reached **** piety under Dithmenos
   607 | D        | Reached skill level 5 in Dodging
   607 | D        | Reached skill level 23 in Stealth
   744 | D        | Noticed a wandering mushroom
   748 | D        | Noticed a wandering mushroom
   762 | D        | Noticed a wandering mushroom
  1624 | D        | Noticed Donald
  1624 | D        | Noticed Frances
  1626 | D        | Killed Frances
  1627 | D        | Reached skill level 24 in Stealth
  1627 | D        | Reached XP level 10. HP: 49/53 MP: 12/18
  1627 | D        | Killed Donald
  1627 | D        | Reached ***** piety under Dithmenos
  1628 | D        | Reached skill level 10 in Throwing
  1628 | D        | Reached skill level 25 in Stealth
  1628 | D        | Reached skill level 10 in Invocations
  1677 | D        | Found Doclu's General Store.
  1682 | D        | Noticed an orc knight
  1685 | D        | Reached ****** piety under Dithmenos
  1685 | D        | Killed an orc knight
  1809 | D        | Bought a scroll of acquirement for 572 gold pieces
  1809 | D        | Bought a scroll of blinking for 82 gold pieces
  1809 | D        | Bought 2 scrolls of identify for 44 gold pieces
  1809 | D        | Acquired the +4 rapier "Elid" {elec, Str+4 Int-3 Stlth+}
  1815 | D        | Bought a scroll of immolation for 44 gold pieces
  1815 | D        | Bought a scroll of immolation for 44 gold pieces
  1913 | D        | Noticed an obsidian statue
  1925 | D        | Found Iquph's Book Emporium.
  1925 | D        | Found Satap's Antique Weapon Shop.
  1925 | D        | Found Zalizxye's Book Shoppe.
  1925 | D        | Found Celed's Magic Scroll Boutique.
  1925 | D        | Found Pyorph's Antique Armour Emporium.
  1925 | D        | Found Goqin Lip's Magic Scroll Shop.
  1925 | D        | Found Iqelitoa's Jewellery Emporium.
  1925 | D        | Found Suok's Jewellery Boutique.
  1926 | D        | Found Ikequu's Distillery.
  1926 | D        | Found Ajonetipn's Weapon Shop.
  1926 | D        | Found Zoecien's Assorted Antiques.
  1969 | D        | Bought an embroidered robe for 118 gold pieces
  1975 | D        | Bought a scroll of blinking for 75 gold pieces
  1980 | D        | Bought an amulet of the acrobat for 330 gold pieces
  1997 | D        | Noticed a crystal guardian
  1997 | D        | Noticed a crystal guardian
  1997 | D        | Noticed a crystal guardian
  1997 | D        | Noticed a crystal guardian
  1998 | D        | Killed a crystal guardian
  1999 | D        | Reached skill level 26 in Stealth
  2022 | D        | Killed a crystal guardian
  2135 | D        | Killed a crystal guardian
  2140 | D        | Killed a crystal guardian
  2141 | D        | Reached skill level 10 in Short Blades
  2159 | D        | Killed an obsidian statue
  2160 | D        | Reached XP level 11. HP: 60/60 MP: 20/20
  2506 | D        | Reached skill level 27 in Stealth
  2521 | D        | Reached skill level 1 in Evocations
  2523 | D        | Noticed a lindwurm
  2526 | D        | Killed a lindwurm
  2534 | D        | Noticed Urug
  2536 | D        | Killed Urug
  2541 | D        | Noticed a five-headed hydra
  2541 | D        | Noticed a six-headed hydra
  2552 | D        | Killed a six-headed hydra
  2560 | D        | Killed a five-headed hydra
  2599 | D        | Noticed a death drake
  2609 | D        | HP: 4/94 [poisoned by a death drake (dark miasma)]
  2609 | D        | Slain by a death drake

Illustrated notes

Levels and vault maps discovered:
D:        dungeon_sprint_mu [sprint_mu_entry_forest, sprint_mu_temple_rooms,
          sprint_mu_d1_spiders, sprint_mu_d2_genie, sprint_mu_d3_branching,
          sprint_mu_orc_legion, sprint_mu_elf_gauntlet, sprint_mu_hive_nellie,
          sprint_mu_lair_fedhas, sprint_mu_vaults_butterflies,
          sprint_mu_slime_circle, sprint_mu_shoals_kraken,
          sprint_mu_snake_twists, sprint_mu_blade_basic,
          sprint_mu_crypt_chambers, sprint_mu_tomb_spiral,
          sprint_mu_vestibule_basic, sprint_mu_gehenna_hellfire,
          sprint_mu_dis_giant, sprint_mu_tartarus_statrot,
          sprint_mu_cocytus_islands, sprint_mu_zot1]

Skill      XL: |  1  2  3  4  5  6  7  8  9 10 11 |
---------------+----------------------------------+-----
Stealth        | 8 11 13 18 19 22 24 26 27 | 27.0
Fighting       | 2 3 4 5 6 7 9 |  9.7
Short Blades   | 3 4 5 6 7 8 10 12 | 12.1
Throwing       | 3 4 5 6 8 9 11 | 11.7
Dodging        | 2 3 4 6 8 9 |  9.3
Invocations    | 4 6 8 9 11 12 | 12.7
Evocations     | 2 |  2.1

Action                   |  1- 3 |  4- 6 |  7- 9 | 10-12 || total
-------------------------+-------+-------+-------+-------++-------
Melee: Dagger            |    12 |     3 |   127 |     1 ||   143
       Kick              |       |       |    53 |    26 ||    79
       Punch             |       |       |     4 |     2 ||     6
       Rapier            |       |       |       |    78 ||    78
Throw: Dart              |     7 |       |    27 |    10 ||    44
Invok: Shadow Step       |       |       |     2 |     1 ||     3
Evoke: Phantom mirror    |       |       |     1 |     2 ||     3
       Wand              |       |       |       |     2 ||     2
  Use: Potion            |     4 |       |       |     3 ||     7
       Scroll            |       |       |       |     6 ||     6
 Stab: Sleeping          |     5 |     3 |    13 |    18 ||    39
       Distracted        |       |       |     1 |     1 ||     2
Armor: Robe              |     1 |       |       |     4 ||     5
Dodge: Dodged            |     3 |       |    62 |    28 ||    93

Table legend: (Time is in decaauts)
 A = Elapsed time spent in this place.
 B = Non-inter-level travel time spent in this place.
 C = Inter-level travel time spent in this place.
 D = Time resting spent in this place.
 E = Time spent auto-exploring this place.
 F = Levels seen in this place.
 G = Mean time per level.
                   A        B        C        D        E       F      G
               +--------+--------+--------+--------+--------+-----+--------+
         Total |   2239 |   2239 |      0 |   1397 |     11 |   1 | 2239.0 |
       Dungeon |   2239 |   2239 |      0 |   1397 |     11 |   1 | 2239.0 |
               +--------+--------+--------+--------+--------+-----+--------+

Top non-repeatable levels by time:
       D: 2239 daAuts
